PA
GWINNETT COUNTY BLACK CATS @ YELLOWKNIFE DRAGONBLOOD
07/31/2021
 
TOP OF THE 1ST
Gwinnett County Black Cats batting - Pitching for Yellowknife Dragonblood : LHP Carlos Díaz
Pitching: LHP Carlos Díaz
Batting: RHB Roberto Aguilar 0-0: Called Strike
0-1: Called Strike
0-2: Foul Ball, location: 2F
0-2: Foul Ball, location: 2F
0-2: Ball
1-2: Ball
2-2: Ground out 6-3 (Groundball, 6S)
Batting: LHB Kent Roberts 0-0: Called Strike
0-1: Foul Ball, location: 2F
0-2: DOUBLE (Flyball, 89M)
Batting: RHB José Silva 0-0: Fly out, F8 (Flyball, 8RS)
Batting: RHB José Carlos Ramos 0-0: Fly out, F9 (Flyball, 89M)
Top of the 1st over - 0 run(s), 1 hit(s), 0 error(s), 1 left on base; Gwinnett County 0 - Yellowknife 0
BOTTOM OF THE 1ST
Yellowknife Dragonblood batting - Pitching for Gwinnett County Black Cats : LHP Xavier Padilla
Pitching: LHP Xavier Padilla
Batting: RHB Héctor Ruíz 0-0: Ground out U3 (Groundball, 3)
Batting: RHB Lloyd Walsh 0-0: Swinging Strike
0-1: Foul Ball, location: 2F
0-2: Ball
1-2: Ball
2-2: Foul Ball, location: 2F
2-2: Ground out 5-3 (Groundball, 5S)
Batting: RHB Javier Chávez 0-0: Swinging Strike
0-1: Ball
1-1: Ball
2-1: Fly out, F7 (Flyball, 8LM)
Bottom of the 1st over - 0 run(s), 0 hit(s), 0 error(s), 0 left on base; Gwinnett County 0 - Yellowknife 0
TOP OF THE 2ND
Gwinnett County Black Cats batting - Pitching for Yellowknife Dragonblood : LHP Carlos Díaz
Batting: SHB Chris Murray 0-0: Called Strike
0-1: Swinging Strike
0-2: Foul Ball, location: 2F
0-2: Foul Ball, location: 2F
0-2: Strikes out swinging
Batting: RHB Vicente Espinoza 0-0: Ball
1-0: Swinging Strike
1-1: Foul Ball, location: 2F
1-2: Strikes out swinging
Batting: RHB Arturo Maldonado 0-0: Ball
1-0: Foul Ball, location: 2F
1-1: Fly out, F8 (Flyball, 8RM)
Top of the 2nd over - 0 run(s), 0 hit(s), 0 error(s), 0 left on base; Gwinnett County 0 - Yellowknife 0
BOTTOM OF THE 2ND
Yellowknife Dragonblood batting - Pitching for Gwinnett County Black Cats : LHP Xavier Padilla
Batting: LHB Carl Duncan 0-0: Foul Ball, location: 2F
0-1: Hit by Pitch
Batting: RHB Iván Miranda 0-0: Ball
1-0: Fly out, F9 (Popup, 3D)
Batting: RHB Javier De Jesús 0-0: Ball
1-0: Ball
2-0: Called Strike
2-1: Fly out, F7 (Flyball, 78S)
Batting: RHB Pedro Rivera 0-0: Ball
1-0: Swinging Strike
1-1: Foul Ball, location: 2F
1-2: SINGLE (Groundball, 56D)
Carl Duncan to second
Batting: RHB Sancho Balderas 0-0: Called Strike
0-1: Foul Ball, location: 2F
0-2: Fly out, F6 (Popup, 6MS)
Bottom of the 2nd over - 0 run(s), 1 hit(s), 0 error(s), 2 left on base; Gwinnett County 0 - Yellowknife 0
TOP OF THE 3RD
Gwinnett County Black Cats batting - Pitching for Yellowknife Dragonblood : LHP Carlos Díaz
Batting: RHB Steve Jones 0-0: Ball
1-0: Ball
2-0: Ball
3-0: Called Strike
3-1: Foul Ball, location: 2F
3-2: Strikes out swinging
Batting: RHB Ghislain Vespucci 0-0: Called Strike
0-1: Foul Ball, location: 2F
0-2: Strikes out looking
Batting: RHB Roberto Aguilar 0-0: Ball
1-0: Called Strike
1-1: Ground out 1-3 (Groundball, 25)
Top of the 3rd over - 0 run(s), 0 hit(s), 0 error(s), 0 left on base; Gwinnett County 0 - Yellowknife 0
BOTTOM OF THE 3RD
Yellowknife Dragonblood batting - Pitching for Gwinnett County Black Cats : LHP Xavier Padilla
Batting: LHB Jorge Garza 0-0: Foul Ball, location: 2F
0-1: Swinging Strike
0-2: Foul Ball, location: 2F
0-2: SINGLE (Groundball, 4M)
Batting: RHB Héctor Ruíz 0-0: Ball
1-0: SINGLE (Line Drive, 8LS)
Jorge Garza to second
Runner from 2nd tries for 3rd, SAFE, no throw or cutoff
Batting: RHB Lloyd Walsh 0-0: Ball
Héctor Ruíz is caught stealing 2nd base
1-0: Ball
Wild Pitch!
Jorge Garza scores
2-0: Foul Ball, location: 2F
2-1: Swinging Strike
2-2: Ball
3-2: Base on Balls
Batting: RHB Javier Chávez 0-0: Called Strike
0-1: Foul Ball, location: 2F
0-2: Ball
1-2: Strikes out swinging
Batting: LHB Carl Duncan 0-0: Ball
1-0: Called Strike
1-1: Ball
2-1: Ground out 2-3 (Groundball, 2L)
Bottom of the 3rd over - 1 run(s), 2 hit(s), 0 error(s), 1 left on base; Gwinnett County 0 - Yellowknife 1
TOP OF THE 4TH
Gwinnett County Black Cats batting - Pitching for Yellowknife Dragonblood : LHP Carlos Díaz
Batting: LHB Kent Roberts 0-0: Fly out, F1 (Line Drive, 15)
Batting: RHB José Silva 0-0: Foul Ball, location: 2F
0-1: Swinging Strike
0-2: Ball
1-2: Ball
2-2: Fly out, F9 (Line Drive, 89M)
Batting: RHB José Carlos Ramos 0-0: Foul Ball, location: 2F
0-1: Ball
1-1: Swinging Strike
1-2: Ball
2-2: Foul Ball, location: 2F
2-2: Ball
3-2: Base on Balls
Batting: SHB Chris Murray 0-0: Called Strike
0-1: Swinging Strike
0-2: Ball
1-2: Ball
2-2: Strikes out swinging
Top of the 4th over - 0 run(s), 0 hit(s), 0 error(s), 1 left on base; Gwinnett County 0 - Yellowknife 1
BOTTOM OF THE 4TH
Yellowknife Dragonblood batting - Pitching for Gwinnett County Black Cats : LHP Xavier Padilla
Batting: RHB Iván Miranda 0-0: Ball
1-0: Ball
2-0: Ball
3-0: Base on Balls
Batting: RHB Javier De Jesús 0-0: Called Strike
0-1: Foul Ball, location: 2F
0-2: Ball
1-2: Ball
Iván Miranda steals 2nd base
2-2: Fly out, F5 (Popup, 25F)
Batting: RHB Pedro Rivera 0-0: Called Strike
Iván Miranda steals 3rd base
0-1: Ball
1-1: Called Strike
1-2: Foul Ball, location: 2F
1-2: Ball
2-2: Ball
3-2: Foul Ball, location: 2F
3-2: Base on Balls
Batting: RHB Sancho Balderas 0-0: Ball
1-0: Foul Ball, location: 2F
1-1: Ball
2-1: Foul Ball, location: 2F
2-2: Foul Ball, location: 2F
2-2: Foul Ball, location: 2F
2-2: Ball
3-2: Fielders Choice at 2nd, 1-6 (Groundball, 15)
Batting: LHB Jorge Garza 0-0: Called Strike
0-1: SINGLE (Line Drive, 8LS)
Iván Miranda scores
Sancho Balderas to second
Batting: RHB Héctor Ruíz 0-0: Called Strike
0-1: Ball
1-1: Foul Ball, location: 2F
1-2: Foul Ball, location: 2F
1-2: Ball
2-2: Foul Ball, location: 2F
2-2: Foul Ball, location: 2F
2-2: Foul Ball, location: 2F
2-2: Fly out, F8 (Flyball, 8RS)
Bottom of the 4th over - 1 run(s), 1 hit(s), 0 error(s), 2 left on base; Gwinnett County 0 - Yellowknife 2
TOP OF THE 5TH
Gwinnett County Black Cats batting - Pitching for Yellowknife Dragonblood : LHP Carlos Díaz
Batting: RHB Vicente Espinoza 0-0: Swinging Strike
0-1: Ball
1-1: Called Strike
1-2: Ball
2-2: Ball
3-2: Strikes out swinging
Batting: RHB Arturo Maldonado 0-0: Ball
1-0: Called Strike
1-1: Ground out 6-3 (Groundball, 6M)
Batting: RHB Steve Jones 0-0: Swinging Strike
0-1: Swinging Strike
0-2: Ball
1-2: Foul Ball, location: 2F
1-2: Strikes out looking
Top of the 5th over - 0 run(s), 0 hit(s), 0 error(s), 0 left on base; Gwinnett County 0 - Yellowknife 2
BOTTOM OF THE 5TH
Yellowknife Dragonblood batting - Pitching for Gwinnett County Black Cats : LHP Xavier Padilla
Batting: RHB Lloyd Walsh 0-0: Ball
1-0: Called Strike
1-1: Foul Ball, location: 2F
1-2: Fly out, F7 (Flyball, 7LM)
Batting: RHB Javier Chávez 0-0: Ball
1-0: Swinging Strike
1-1: Ball
2-1: Ground out 1-3 (Groundball, 13S)
Batting: LHB Carl Duncan 0-0: Ball
1-0: Fly out, F5 (Popup, 5F)
Bottom of the 5th over - 0 run(s), 0 hit(s), 0 error(s), 0 left on base; Gwinnett County 0 - Yellowknife 2
TOP OF THE 6TH
Gwinnett County Black Cats batting - Pitching for Yellowknife Dragonblood : LHP Carlos Díaz
Batting: RHB Ghislain Vespucci 0-0: Ball
1-0: Called Strike
1-1: Ball
2-1: SINGLE (Groundball, 4M)
Batting: RHB Roberto Aguilar 0-0: Called Strike
0-1: Bunted foul
0-2: Ball
1-2: Grounds into double play, 6-4-3 (Groundball, 6)
Batting: LHB Kent Roberts 0-0: Called Strike
0-1: Called Strike
0-2: Strikes out swinging
Top of the 6th over - 0 run(s), 1 hit(s), 0 error(s), 0 left on base; Gwinnett County 0 - Yellowknife 2
BOTTOM OF THE 6TH
Yellowknife Dragonblood batting - Pitching for Gwinnett County Black Cats : LHP Xavier Padilla
Batting: RHB Iván Miranda 0-0: Called Strike
0-1: Foul Ball, location: 2F
0-2: Foul Ball, location: 2F
0-2: Ball
1-2: Strikes out swinging
Batting: RHB Javier De Jesús 0-0: Called Strike
0-1: Swinging Strike
0-2: Foul Ball, location: 2F
0-2: Ball
1-2: Ball
2-2: Ball
3-2: SINGLE (Groundball, 5D)
Batting: RHB Pedro Rivera 0-0: Ball
Javier De Jesús is caught stealing 2nd base
1-0: Ball
2-0: Foul Ball, location: 2F
2-1: Fly out, F9 (Flyball, 89M)
Bottom of the 6th over - 0 run(s), 1 hit(s), 0 error(s), 0 left on base; Gwinnett County 0 - Yellowknife 2
TOP OF THE 7TH
Gwinnett County Black Cats batting - Pitching for Yellowknife Dragonblood : LHP Carlos Díaz
Batting: RHB José Silva 0-0: Ball
1-0: Ball
2-0: Ball
3-0: Base on Balls
Batting: RHB José Carlos Ramos 0-0: Ball
1-0: Ball
2-0: Ball
3-0: Called Strike
3-1: Swinging Strike
3-2: Foul Ball, location: 2F
3-2: Foul Ball, location: 2F
3-2: Strikes out looking
José Silva steals 2nd base
Batter strikes out.
Batting: SHB Chris Murray 0-0: Called Strike
José Silva is caught stealing 3rd base
0-1: Foul Ball, location: 2F
0-2: Ball
1-2: Ball
2-2: Strikes out swinging
Top of the 7th over - 0 run(s), 0 hit(s), 0 error(s), 0 left on base; Gwinnett County 0 - Yellowknife 2
BOTTOM OF THE 7TH
Yellowknife Dragonblood batting - Pitching for Gwinnett County Black Cats : LHP Xavier Padilla
Batting: RHB Sancho Balderas 0-0: Fly out, F7 (Flyball, 78M)
Batting: LHB Jorge Garza 0-0: SINGLE (Groundball, 56)
Batting: RHB Héctor Ruíz 0-0: Ball
1-0: DOUBLE (Line Drive, 8LM)
Jorge Garza to third
Runner from 3rd tries for Home, SAFE, no throw or cutoff
Batting: RHB Lloyd Walsh 0-0: Called Strike
Héctor Ruíz steals 3rd base
0-1: Swinging Strike
0-2: Foul Ball, location: 2F
0-2: Ball
1-2: Ball
2-2: Fly out, F9 (Flyball, 89M)
Runner from 3rd tags up, SCORES, no throw
Batting: RHB Javier Chávez 0-0: Ball
1-0: Called Strike
1-1: Foul Ball, location: 2F
1-2: Strikes out looking
Bottom of the 7th over - 2 run(s), 2 hit(s), 0 error(s), 0 left on base; Gwinnett County 0 - Yellowknife 4
TOP OF THE 8TH
Gwinnett County Black Cats batting - Pitching for Yellowknife Dragonblood : LHP Carlos Díaz
Batting: RHB Vicente Espinoza 0-0: Foul Ball, location: 2F
0-1: Swinging Strike
0-2: Foul Ball, location: 2F
0-2: Ball
1-2: Strikes out swinging
Batting: RHB Arturo Maldonado 0-0: SINGLE (Line Drive, 6MD)
Batting: RHB Steve Jones 0-0: Called Strike
0-1: Ball
1-1: Called Strike
1-2: Fly out, F6 (Line Drive, 6)
Batting: RHB Ghislain Vespucci 0-0: Called Strike
0-1: Ball
1-1: SINGLE (Line Drive, 7S)
Arturo Maldonado to second
Batting: RHB Roberto Aguilar 0-0: Ball
1-0: Called Strike
1-1: Ball
2-1: Foul Ball, location: 2F
2-2: Fielders Choice at 2nd, 6-4 (Groundball, 6)
Top of the 8th over - 0 run(s), 2 hit(s), 0 error(s), 1 left on base; Gwinnett County 0 - Yellowknife 4
BOTTOM OF THE 8TH
Yellowknife Dragonblood batting - Pitching for Gwinnett County Black Cats : LHP Xavier Padilla
Pitching: RHP Eduardo Villa
Batting: LHB Carl Duncan 0-0: Foul Ball, location: 2F
0-1: Ground out U3 (Groundball, 3)
Batting: RHB Iván Miranda 0-0: Ball
1-0: Ball
2-0: Called Strike
2-1: Called Strike
2-2: Strikes out swinging
Batting: RHB Javier De Jesús 0-0: Called Strike
0-1: Called Strike
0-2: Ground out 1-3 (Groundball, 15)
Bottom of the 8th over - 0 run(s), 0 hit(s), 0 error(s), 0 left on base; Gwinnett County 0 - Yellowknife 4
TOP OF THE 9TH
Gwinnett County Black Cats batting - Pitching for Yellowknife Dragonblood : LHP Carlos Díaz
Batting: LHB Kent Roberts 0-0: Ball
1-0: Fly out, F4 (Popup, 4M)
Batting: RHB José Silva 0-0: Foul Ball, location: 2F
0-1: Ball
1-1: Foul Ball, location: 2F
1-2: Strikes out swinging
Batting: RHB José Carlos Ramos 0-0: SINGLE (Line Drive, 89S)
Batting: SHB Chris Murray 0-0: Ball
1-0: Called Strike
1-1: Called Strike
1-2: Ball
2-2: Foul Ball, location: 2F
2-2: Foul Ball, location: 2F
2-2: Foul Ball, location: 2F
2-2: Foul Ball, location: 2F
2-2: Foul Ball, location: 2F
2-2: Strikes out swinging
Top of the 9th over - 0 run(s), 1 hit(s), 0 error(s), 1 left on base; Gwinnett County 0 - Yellowknife 4
This league is powered by Out of the Park Baseball, the baseball management simulation game for PC, Mac and Linux
Friday, January 22nd, 2016 - OOTP Baseball 16.9 Build 39